Map: Celestial Enclave LE

Players

Jamin

  • Race: Terran Terran
  • League: Silver
  • Spawn Location: 7:00

VOD

Have the link to the VOD?

Description

Time

  • Played on: Dec. 6, 2025, 5:18 a.m.
  • Length: 6:36
Show
View Real Time Build Order
Export as new Build Order

Jamin Terran 

Build Orders:  

Get SALT Encoding   

  12  0:00  SCV  
  13  0:17  SCV  
  14  0:25  Supply Depot  
  14  0:34  SCV  
  15  0:57  SCV  
  15  0:58  Barracks  
  16  1:11  Refinery  
  16  1:14  SCV  
  17  1:31  SCV  
  18  1:48  SCV  
  19  2:15  Orbital Command  
  19  2:18  Reaper  
  20  2:24  Command Center  
  20  2:39  Supply Depot  
  20  3:05  Barracks Reactor  
  20  3:09  SCV  
  21  3:32  SCV  
  22  3:41  Factory  
  22  3:49  SCV  
  23  3:56  Supply Depot  
  23  3:59  Marine x2  
  25  4:04  Orbital Command  
  25  4:06  SCV  
  26  4:23  SCV  
  27  4:40  SCV  
  27  4:42  SCV  
  27  4:48  Refinery, Factory Reactor  
  29  4:57  Starport  
  29  5:10  Marine  
  29  5:11  Marine  
  31  5:32  Barracks x2  
  31  5:34  SCV  
  31  5:35  SCV, Marine  
  31  5:36  Marine  
  33  5:51  SCV  
  35  6:00  Marine  
  35  6:01  Marine  
  38  6:28  Supply Depot x3  
Tags
 
Add a new tag
Caveats
  • Supply blocks, unpowered buildings, or Contaminate may cause inaccurate times.
  • Supply counts are checked every 10 seconds.